 Dungeon Crawl Stone Soup version 0.30.0-18-gc0e69614cb (webtiles) character file.

Game seed: 119989072116960806

5508 Edyrem the Fighter (level 11, -2/87 HPs)
             Began as a Formicid Fighter on May 23, 2023.
             Was an Elder of Cheibriados.
             Slain by a yak (12 damage)
             ... on level 1 of the Lair of Beasts.
             The game lasted 00:17:14 (6394 turns).

Edyrem the Fighter (Formicid Fighter)               Turns: 6394, Time: 00:17:15

Health: -2/87      AC: 12    Str: 33    XL:     11   Next: 1%
Magic:  15/15      EV: 15    Int: 16    God:    Cheibriados [****..]
Gold:   383        SH:  0    Dex: 22    Spells: 10/10 levels left

rFire   + . .        b - +7 mace of Ryseoff {heavy, rF+ Will+}
rCold   . . .        k - +0 kite shield
rNeg    . . .        G - +0 swamp dragon scales
rPois   +            (helmet unavailable)
rElec   .            y - scarf {repulsion}
rCorr   .            g - +1 pair of gloves
SInv    +            (no boots)
Will    ++...        i - amulet of the acrobat Stlth
                     (no ring)
HPRegen 1.14/turn    (no ring)
MPRegen 0.14/turn

%: repel missiles, acrobat, clarity
@: confused, ambrosia-drunk, very slow
A: permanent stasis, dig shafts and tunnels, antennae 3, four strong arms,
clarity, clumsy 1, regeneration 1
a: Dig, Shaft Self, Renounce Religion, Bend Time, Temporal Distortion, Slouch


You were on level 1 of the Lair of Beasts.
You worshipped Cheibriados.
Cheibriados was greatly pleased with you.
You visited 2 branches of the dungeon, and saw 9 of its levels.

You collected 437 gold pieces.
You spent 54 gold pieces at shops.

Inventory:

Hand Weapons
 a - a +0 trident
 b - the +7 mace of Ryseoff (weapon) {heavy, rF+ Will+}
   (You found it on level 5 of the Dungeon)

   rF:        It protects you from fire.
   Will:      It increases your willpower.
 c - a +0 glaive
Missiles
 j - 4 curare-tipped darts
 q - 4 silver javelins
 A - 9 poisoned darts (quivered)
 E - 8 boomerangs
Armour
 g - a +1 pair of gloves (worn)
 k - a +0 kite shield (worn)
 s - a +0 buckler
 y - a scarf of repulsion (worn)
 G - +0 swamp dragon scales (worn)
Jewellery
 e - an amulet of magic regeneration
 i - an amulet of the acrobat (around neck)
Wands
 d - a wand of digging (1)
 D - a wand of quicksilver (21)
Scrolls
 f - 2 scrolls of fear {unknown}
 h - 2 scrolls of poison {unknown}
 m - 3 scrolls of brand weapon {unknown}
 o - 2 scrolls of immolation {unknown}
 p - a scroll of enchant weapon {unknown}
 r - a scroll of magic mapping {unknown}
 t - 2 scrolls of teleportation {unknown}
 u - 3 scrolls of amnesia {unknown}
 v - a scroll of acquirement {unknown}
 x - 13 scrolls of identify {unknown}
 z - a scroll of fog {unknown}
 C - 2 scrolls of vulnerability {unknown}
Potions
 l - a potion of mutation
 w - a potion of cancellation
 B - a potion of attraction
 F - a potion of might
 H - a potion of heal wounds {unknown}


   Skills:
 + Level 8.4 Fighting
 - Level 0.8 Maces & Flails
 + Level 7.1 Polearms
 + Level 8.3 Armour
 - Level 6.2 Dodging
 + Level 7.6 Shields
 * Level 5.9 Invocations


You had 10 spell levels left.
You didn't know any spells.
Your spell library contained the following spells:

 Spells                   Type           Power      Damage    Failure   Level
 Summon Small Mammal      Summ           0%         N/A       47%         1
 Call Canine Familiar     Summ           0%         N/A       85%         3
 Summon Guardian Golem    Hex/Summ       0%         N/A       85%         3


Dungeon Overview and Level Annotations

Branches:
Dungeon (8/15)             Temple (0/1) D:7            Lair (1/5) D:8

Altars:
Cheibriados
Dithmenos
Gozag
Hepliaklqana
Kikubaaqudgha
Nemelex Xobeh
Okawaru
Sif Muna

Shops:
D:6 **


Innate Abilities, Weirdness & Mutations

You cannot be hasted, slowed, berserked, paralysed or teleported.
You can dig through walls and to a lower floor.
You have a pair of large antennae on your head. (SInv)
Your four strong arms can wield two-handed weapons with a shield.
You possess an exceptional clarity of mind.
You are clumsy. (Dex -2)
Your natural rate of healing is unusually fast.


Message History

The bullfrog snags a nearby hornet with its tongue.
You block the bullfrog's attack. You block the yak's attack.
The black mamba closely misses you. You block the bullfrog's attack.
You closely miss the black mamba.
The black mamba is almost dead.
The black mamba bites you. The bullfrog misses you.
The black mamba barely misses you. You block the bullfrog's attack.
The black mamba splashes around in the water.
The yak gores you but does no damage. The yak gores you. The bullfrog hits you.
The black mamba bites you. The yak gores you. The yak gores you!
You sock the black mamba!
You kill the black mamba!
Cheibriados thoroughly appreciates the change of pace.
The bullfrog hits you. You block the bullfrog's attack.
The yak closely misses you. You block the yak's attack.
The bullfrog closely misses you. The yak gores you. The yak closely misses you.
The yak gores you.
Your life force feels restored.
You have reached level 11!
You closely miss the yak. The bullfrog closely misses you.
The bullfrog hits you but does no damage.
The yak barely misses you. The yak closely misses you.
You block the yak's attack. The yak misses you.
You block the bullfrog's attack. The yak completely misses you. x2
The yak closely misses you. x2; You block the bullfrog's attack.
You sock the yak!
The yak is moderately wounded.
The bullfrog closely misses you. You block the yak's attack.
The yak misses you. You block the yak's attack. The yak gores you!
* * * LOW HITPOINT WARNING * * *
The bullfrog barely misses you. The yak closely misses you.
The yak barely misses you. The yak gores you!
* * * LOW HITPOINT WARNING * * *
The yak gores you!
* * * LOW HITPOINT WARNING * * *
The bullfrog misses you.
It was a potion of ambrosia.
You are confused.
You feel invigorated. The bullfrog misses you. The yak gores you!
You die...

.... ..P##.#.# ##
........## ..#
.........# .....
.........###.....
............#....
.................
#....~YYY......#
#.~~≈Y@..~~.###
....~≈YF~~~≈~.#
....≈≈≈≈≈≈≈≈~.#
..##.~≈≈≈≈≈≈~...
. ...~~~≈≈~≈~....
......~~~~......
..####...........
.. #######....


You could see 5 yaks and a bullfrog.

Vanquished Creatures
  The ghost of Fractals the Fighter, a novice MfGl of Zin (D:5)
  A black mamba (Lair:1)
  Maggie (D:6)
  Psyche (D:8)
  Sigmund (D:3)
  2 vampire mosquitoes (D:5)
  3 water moccasins
  An acid dragon (D:8)
  An orc warrior (D:8)
  3 black bears (D:5)
  2 ice beasts (D:8)
  2 sky beasts
  4 ogres
  A centaur (D:6)
  2 phantoms
  Blork the orc (D:6)
  A bullfrog (D:7)
  9 scorpions
  5 killer bees (D:7)
  An electric eel (Lair:1)
  4 howler monkeys
  4 hounds
  6 orc priests
  2 jellies
  2 bullfrog skeletons (D:5)
  2 iguanas
  A sleepcap (D:4)
  3 orc wizards
  Natasha (thrice) (D:3)
  Robin (D:3)
  A howler monkey skeleton (D:5)
  6 gnolls
  7 adders
  A shadow imp (D:5)
  A white imp (D:5)
  3 ufetubi
  A worm (D:3)
  3 dart slugs
  25 orcs
  9 endoplasms
  7 giant cockroaches
  14 goblins
  10 hobgoblins
  7 jackals
  3 quokkas
  2 ball pythons
  6 bats
  2 frilled lizards
  8 kobolds
  3 rats (D:1)
  A spectral goblin (D:8)
191 creatures vanquished.

Notes
Turn   | Place    | Note
-------+----------+-------------------------------------------
     0 | D:1      | Edyrem the Formicid Fighter began the quest for the Orb.
     0 | D:1      | Reached XP level 1. HP: 18/18 MP: 1/1
   161 | D:1      | Reached XP level 2. HP: 24/24 MP: 2/2
   273 | D:1      | Found a faded altar of an unknown god.
   447 | D:1      | Reached XP level 3. HP: 25/29 MP: 3/3
   906 | D:2      | Reached XP level 4. HP: 37/37 MP: 4/4
  1469 | D:3      | Noticed Natasha
  1472 | D:3      | Killed Natasha
  1611 | D:3      | Noticed Sigmund
  1622 | D:3      | Killed Sigmund
  1623 | D:3      | Reached skill level 5 in Shields
  1623 | D:3      | Reached XP level 5. HP: 21/43 MP: 5/5
  1623 | D:3      | Reached XP level 6. HP: 24/49 MP: 6/6
  1623 | D:3      | Noticed Natasha
  1640 | D:3      | Killed Natasha
  1943 | D:3      | Noticed Robin
  1977 | D:3      | Killed Robin
  1978 | D:3      | Reached XP level 7. HP: 29/55 MP: 7/7
  2030 | D:3      | Noticed Natasha
  2044 | D:3      | Killed Natasha
  2232 | D:3      | Reached skill level 5 in Fighting
  2232 | D:3      | Reached skill level 5 in Armour
  2619 | D:4      | Reached skill level 1 in Dodging
  2925 | D:4      | Found a snail-covered altar of Cheibriados.
  2933 | D:4      | Became a worshipper of Cheibriados the Contemplative
  2969 | D:4      | Found an iron altar of Okawaru.
  3244 | D:4      | Reached XP level 8. HP: 63/63 MP: 8/8
  3462 | D:5      | Entered Level 5 of the Dungeon
  3587 | D:5      | Reached * piety under Cheibriados
  3731 | D:5      | Reached skill level 5 in Polearms
  3764 | D:5      | Found a runed translucent door.
  3765 | D:5      | Found a runed translucent door.
  3779 | D:5      | Identified the +7 mace of Ryseoff {heavy, rF+ Will+}
  3832 | D:5      | Reached XP level 9. HP: 67/70 MP: 9/9
  3839 | D:5      | Found a runed translucent gate.
  3840 | D:5      | Found a runed translucent gate.
  3842 | D:5      | Found a runed translucent gate.
  3843 | D:5      | Noticed Fractals's ghost (novice MfGl)
  3931 | D:5      | Found a shimmering blue altar of Sif Muna.
  4152 | D:5      | Gained mutation: You are clumsy. (Dex -2) [potion of
                  | mutation]
  4152 | D:5      | Gained mutation: Your natural rate of healing is unusually
                  | fast. [potion of mutation]
  4152 | D:5      | Gained mutation: You possess an exceptional clarity of
                  | mind. [potion of mutation]
  4158 | D:5      | Reached skill level 5 in Dodging
  4159 | D:5      | Reached ** piety under Cheibriados
  4273 | D:5      | Killed Fractals's ghost
  4374 | D:6      | Reached XP level 10. HP: 77/79 MP: 10/10
  4385 | D:6      | Found an opulent altar of Gozag.
  4393 | D:6      | Noticed Blork the orc
  4401 | D:6      | Killed Blork the orc
  4402 | D:6      | Reached skill level 1 in Invocations
  4652 | D:6      | Found Veniukua's General Store.
  4654 | D:6      | Found Exoisuko's Specific Store.
  4672 | D:6      | Bought a +0 kite shield for 54 gold pieces
  4790 | D:6      | Noticed Maggie
  4806 | D:6      | Killed Maggie
  5282 | D:7      | Found a staircase to the Ecumenical Temple.
  5419 | D:7      | Reached *** piety under Cheibriados
  5746 | D:7      | Found a large runed translucent door.
  5747 | D:7      | Found a large runed translucent door.
  5834 | D:7      | Found a shadowy altar of Dithmenos.
  5849 | D:7      | Found an ancient bone altar of Kikubaaqudgha.
  5907 | D:8      | Noticed Psyche
  5913 | D:8      | Killed Psyche
  5914 | D:8      | Reached skill level 5 in Invocations
  6084 | D:8      | Found a staircase to the Lair.
  6181 | D:8      | Found a sparkling altar of Nemelex Xobeh.
  6331 | D:8      | Found a hazy altar of Hepliaklqana.
  6333 | D:8      | Reached **** piety under Cheibriados
  6380 | Lair:1   | Entered Level 1 of the Lair of Beasts
  6381 | Lair:1   | Noticed a black mamba
  6391 | Lair:1   | Killed a black mamba
  6392 | Lair:1   | Reached XP level 11. HP: 29/87 MP: 15/15
  6393 | Lair:1   | HP: 4/87 [yak (9)]
  6394 | Lair:1   | Slain by a yak

Illustrated notes

Levels and vault maps discovered:
D:1:      minmay_arrival_split_and_join, layout_loops_ring,
          ebering_ecumenical_altar_box
D:2:      layout_basic
D:3:      layout_loops_ring, uniq_sigmund, uniq_natasha, uniq_robin
D:4:      layout_gridville, mainiacjoe_overflow_tiny_flanked,
          mainiacjoe_overflow_paths
D:5:      lemuel_insect_pit, layout_cave_pools, led_sif_pool,
          gammafunk_ghost_necromancy
D:6:      layout_layer_cave, nicolae_gozag_seed_capital, nicolae_specific_store,
          uniq_blork_the_orc, uniq_maggie
D:7:      layout_basic, jmf_multi_god_temple2, temple_pool_b
D:8:      layout_rooms, mainiacjoe_overflow_alcove_1,
          nicolae_hepliaklqana_monster_ancestors, dpeg_oklobed_lair, uniq_psyche
Lair:1:   layout_hall_layers, portal_ice_cave_entry_pillars_2,
          infiniplex_staircase_pool

Skill      XL: |  1  2  3  4  5  6  7  8  9 10 |
---------------+-------------------------------+-----
Fighting       | 4 5 6 7 8 |  8.4
Armour         | 4 5 6 7 8 |  8.3
Polearms       | 3 4 5 6 7 |  7.1
Shields        | 5 6 7 |  7.6
Dodging        | 2 4 6 |  6.2
Invocations    | 5 |  5.9
Maces & Flails | |  0.8

Action                     |  1- 3 |  4- 6 |  7- 9 | 10-12 || total
---------------------------+-------+-------+-------+-------++-------
  Melee: Trident           |    84 |    47 |    21 |       ||   152
         Halberd           |       |    65 |   179 |       ||   244
         Mace              |       |       |    66 |   168 ||   234
    Use: Potion            |       |     1 |     6 |     1 ||     8
         Scroll            |       |       |       |     1 ||     1
   Stab: Sleeping          |       |       |       |     1 ||     1
 Armour: Scale mail        |    17 |     1 |       |       ||    18
         Chain mail        |       |    93 |   166 |    49 ||   308
         Skin              |       |       |    28 |       ||    28
         Swamp dragon scal |       |       |       |    89 ||    89
  Dodge: Dodged            |    29 |    59 |   155 |   282 ||   525
         Repelled          |       |       |       |     1 ||     1
  Block: Buckler           |    15 |    37 |    88 |    30 ||   170
         Kite shield       |       |       |       |   181 ||   181
